 Dungeon Crawl Stone Soup version 0.16.0-17-g811c1d7 (webtiles) character file.

226 Tolias the Cutter (level 5, -2/31 HPs)
             Began as a Deep Elf Fighter on Mar 20, 2015.
             Was an Initiate of Ashenzari.
             Killed by divine providence
             ... invoked by an orc priest
              (11 damage)
             ... on level 3 of the Dungeon.
             The game lasted 00:06:41 (2966 turns).

Tolias the Cutter (Deep Elf Fighter)                Turns: 2966, Time: 00:06:41

Health: -2/31      AC:  3    Str: 14    XL:     5   Next: 69%
Magic:  10/10      EV: 11    Int: 13    God:    Ashenzari [......]
Gold:   103        SH:  0    Dex: 16    Spells: 0 memorised, 4 levels left

rFire  . . .     SeeInvis .     a - +0 rapier
rCold  . . .     Clarity  .     f - +0 robe {MR+}
rNeg   . . .     SustAb   .     (no shield)
rPois  .         Gourm    .     (no helmet)
rElec  .         Spirit   .     (no cloak)
rCorr  .         Warding  .     (no gloves)
rMut   .         Stasis   .     (no boots)
MR     +....                    (no amulet)
Stlth  +++.......               (no ring)
                                (no ring)

@: somewhat resistant to hostile enchantments, fairly stealthy
A: icy blue scales 1, thin skeletal structure 1, no device heal 1
a: Renounce Religion


You were on level 3 of the Dungeon.
You worshipped Ashenzari.
Ashenzari was noncommittal.
You were not hungry.

You visited 1 branch of the dungeon, and saw 4 of its levels.

You collected 103 gold pieces.

Inventory:

Hand weapons
 a - a +0 rapier (weapon)
Missiles
 i - 6 needles of paralysis
Armour
 b - a +0 scale mail
 c - a +0 shield
 f - a +0 robe of magic resistance (worn)
 o - a +0 leather armour
Scrolls
 j - a scroll of random uselessness
Potions
 e - a potion of resistance
 h - a potion of curing {unknown}
 l - a potion of cancellation
Comestibles
 d - a bread ration
 k - a meat ration


   Skills:
 - Level 2.4 Fighting
 - Level 5.0 Short Blades
 - Level 2.9 Throwing
 - Level 2.4 Armour
 + Level 1.8 Stealth
 - Level 2.4 Shields


You had 4 spell levels left.
You didn't know any spells.

Dungeon Overview and Level Annotations

Branches:
Dungeon (4/15)
 Temple: D:4-7

Altars:
Ashenzari
Qazlal

Annotations:
D:2 Sigmund
D:4 exclusion: worker ant


Innate Abilities, Weirdness & Mutations

You are partially covered in icy blue scales (AC +1).
You have a somewhat thin skeletal structure (Dex +2, Stealth).
Potions and wands are less effective at restoring your health.


Message History

The orc wizard blinks!
Read which item? (? for menu, Esc to quit)
As you read the scroll of teleportation, it crumbles to dust.
You feel strangely unstable. The orc closely misses you.
An orc comes into view.
Your surroundings suddenly seem different.
Found a stone staircase leading up.
There is a stone staircase leading up here.
You start resting.
An orc comes into view. It is wielding a flail.
You climb upwards.
The orc priest shouts!
There is a stone staircase leading down here.
Read which item? (? for menu, Esc to quit)
Okay, then.
Unknown command.
The orc priest invokes the aid of Beogh against you.
Something smites you!
You die...

#.#.###...o......
#.#....$K#.######
#......o.#.#
##o##K#.#.#
##.##.#.#.#
###...#.#.#.#
#.....#......
#.#...#.#.#.#
#@#####.#.#.. #.#
#>#.# #.# #.# #.#
#.# #.# #.# #.#
#.# #.# #.# #.#
#.. #.# ...


You could see an orc priest.

Vanquished Creatures
  A worker ant (D:4)
  2 orc priests (D:4)
  An orc wizard (D:4)
  5 adders
  A gnoll (D:1)
  A giant mite (D:4)
  A giant gecko (D:1)
  An ooze (D:4)
  3 orcs
  A bat skeleton (D:4)
  A giant cockroach (D:1)
  9 hobgoblins
  A quokka (D:3)
  3 bats
  A giant gecko skeleton (D:4)
  2 giant newts
  7 goblins
  3 kobolds
  A quokka skeleton (D:4)
  5 rats
50 creatures vanquished.

Notes
Turn   | Place    | Note
--------------------------------------------------------------
     0 | D:1      | Tolias, the Deep Elf Fighter, began the quest for the Orb.
     0 | D:1      | Reached XP level 1. HP: 13/13 MP: 2/2
    22 | D:1      | Found a shattered altar of Ashenzari.
    31 | D:1      | Became a worshipper of Ashenzari the Shackled
   261 | D:1      | Reached XP level 2. HP: 18/18 MP: 4/4
   509 | D:1      | Reached skill level 1 in Throwing
   894 | D:1      | Reached skill level 3 in Short Blades
   894 | D:1      | Reached XP level 3. HP: 4/22 MP: 6/6
   895 | D:1      | Gained mutation: You are partially covered in icy blue scales (AC +1). [potion of mutation]
   895 | D:1      | Gained mutation: You have a somewhat thin skeletal structure (Dex +2, Stealth). [potion of mutation]
   895 | D:1      | Gained mutation: Potions and wands are less effective at restoring your health. [potion of mutation]
   912 | D:1      | HP: 1/33 [poisoned by an adder]
  1223 | D:2      | Noticed Sigmund
  1655 | D:3      | Reached XP level 4. HP: 22/27 MP: 8/8
  2135 | D:4      | Found a stormy altar of Qazlal.
  2216 | D:4      | Reached skill level 4 in Short Blades
  2497 | D:4      | Reached XP level 5. HP: 17/31 MP: 10/10
  2826 | D:4      | Reached skill level 5 in Short Blades
  2897 | D:4      | Reached skill level 1 in Stealth
  2966 | D:3      | Killed from afar by an orc priest

Action                   |  1- 3 |  4- 6 || total
-------------------------+-------+-------++-------
Melee: Rapier            |    97 |    67 ||   164
Throw: Javelin           |    14 |     3 ||    17
  Use: Potion            |     5 |       ||     5
       Scroll            |       |     5 ||     5
 Stab: Distracted        |       |     1 ||     1
  Eat: Chunk             |     2 |     2 ||     4
       Bread ration      |       |     1 ||     1
